 Dungeon Crawl Stone Soup version 0.29-a0-892-g2c4c91d9db (webtiles) character file.

Game seed: 2690887777981780106

110 Aurophilus the Covered (level 5, 0/42 HPs)
             Began as a Formicid Fighter on July 23, 2022.
             Killed from afar by Ijyb (5 damage)
             ... with a puff of flame
             ... on level 3 of the Dungeon.
             The game lasted 00:05:16 (2237 turns).

Aurophilus the Covered (Formicid Fighter)           Turns: 2237, Time: 00:05:16

Health: 0/42       AC:  7    Str: 23    XL:     5   Next: 14%
Magic:  5/5        EV:  9    Int:  7    God:
Gold:   132        SH:  6    Dex: 13    Spells: 4/4 levels left

rFire   . . .      SeeInvis +   a - +1 war axe
rCold   . . .      Faith    .   c - +1 buckler
rNeg    . . .      Spirit   .   b - +0 scale mail
rPois   .          Reflect  .   (helmet unavailable)
rElec   .          Harm     .   (no cloak)
rCorr   .          Rampage  .   (no gloves)
Will    .....                   (no boots)
Stlth   ..........              (no amulet)
HPRegen 0.14/turn               (no ring)
MPRegen 0.09/turn               (no ring)

@: mighty
A: permanent stasis, dig shafts and tunnels, antennae 3, four strong arms
a: Dig, Shaft Self


You were on level 3 of the Dungeon.
You visited 1 branch of the dungeon, and saw 3 of its levels.

You collected 132 gold pieces.

Inventory:

Hand Weapons
 a - a +1 war axe (weapon)
Missiles
 e - a throwing net
Armour
 b - a +0 scale mail (worn)
 c - a +1 buckler (worn)
Wands
 f - a wand of iceblast (1)
Scrolls
 n - 2 scrolls of summoning
Potions
 d - 2 potions of might
 g - a potion of curing {unknown}
 i - a potion of mutation {unknown}
 j - 3 potions of flight
 l - 2 potions of lignification {unknown}
 m - a potion of resistance {unknown}


   Skills:
 * Level 3.7 Fighting
 * Level 3.4 Axes
 * Level 4.4 Armour
 + Level 0.1 Dodging
 + Level 0.1 Stealth
 * Level 4.3 Shields


You had 4 spell levels left.
You didn't know any spells.
Your spell library contained the following spells:

 Spells                   Type           Power      Damage    Failure   Level
 Summon Small Mammal      Summ           0%         N/A       80%         1
 Call Canine Familiar     Summ           0%         N/A       99%         3
 Gell's Gravitas          Tloc           0%         N/A       99%         3
 Lesser Beckoning         Tloc           0%         N/A       99%         3
 Summon Guardian Golem    Hex/Summ       0%         N/A       99%         3
 Teleport Other           Tloc           0%         N/A       99%         3
 Fireball                 Conj/Fire      0%         3d3       100%        5
 Starburst                Conj/Fire      0%         6d3       100%        6
 Ignition                 Fire           0%         3d3       100%        8


Dungeon Overview and Level Annotations

Branches:
Dungeon (3/15)

Altars:

Annotations:
D:3 Ijyb


Innate Abilities, Weirdness & Mutations

You cannot be hasted, slowed, berserked, paralysed or teleported.
You can dig through walls and to a lower floor.
You have a pair of large antennae on your head. (SInv)
Your four strong arms can wield two-handed weapons with a shield.


Message History

You closely miss the adder.
The adder is lightly wounded.
You hit the quokka. You hit Ijyb. The adder bites you.
The quokka barely misses you.
Ijyb zaps a wand.
The puff of flame hits you! The adder bites you but does no damage.
The quokka bites you but does no damage.
You slash the quokka!
You kill the quokka!
You closely miss Ijyb. You slash the adder! The adder bites you.
You block Ijyb's attack. The adder bites you but does no damage.
Ijyb zaps a wand.
The puff of flame hits you!
You are too injured to fight recklessly!
You are too injured to fight recklessly!
Unknown command.
You slash Ijyb!
Ijyb is heavily wounded.
You slash the adder!
You kill the adder!
You hit Ijyb.
Ijyb is severely wounded.
You closely miss the kobold.
Ijyb zaps a wand.
The puff of flame misses you. The kobold hits you but does no damage.
You barely miss Ijyb.
Ijyb is severely wounded.
You closely miss the kobold. You hit the goblin.
You kill the goblin!
The kobold hits you but does no damage. Ijyb hits you but does no damage.
You closely miss Ijyb.
Ijyb is severely wounded.
You barely miss the kobold. Ijyb barely misses you.
The kobold hits you but does no damage. You block the kobold's attack.
Ijyb zaps a wand.
The puff of flame hits you!
* * * LOW HITPOINT WARNING * * *
You feel very mighty all of a sudden. You block Ijyb's attack.
The kobold barely misses you.
You hit Ijyb.
Ijyb is almost dead.
You hit the kobold but do no damage.
Ijyb zaps a wand.
The puff of flame hits you.
You die...

## .. . ### ####. #.#
##.. .... ##.# ##...#
#.. .... ...... #<#
#.#
#....###.###########.#
#.#..............##.#
#..g@##.########.##.#
###K)##..............
....##.##...........
###..##.#.........#.#
#..##.#..#####..#.#
#..#.....# #..#.#
#..#...(.# #..#.#
#..#.....# #..#.#
{{#.#.#.# ...#..


You could see Ijyb and a kobold.

Vanquished Creatures
  Robin (D:2)
  3 adders
  4 worms (D:2)
  3 endoplasms
  2 giant cockroaches
  16 goblins
  8 hobgoblins
  4 quokkas
  5 ball pythons
  4 bats (D:1)
  3 frilled lizards
  2 kobolds (D:1)
  A rat (D:2)
56 creatures vanquished.

Vanquished Creatures (others)
  9 plants (D:1)
9 creatures vanquished.

Grand Total: 65 creatures vanquished

Notes
Turn   | Place    | Note
-------+----------+-------------------------------------------
     0 | D:1      | Aurophilus the Formicid Fighter began the quest for the
                  | Orb.
     0 | D:1      | Reached XP level 1. HP: 18/18 MP: 1/1
   306 | D:1      | Reached XP level 2. HP: 21/24 MP: 2/2
   511 | D:1      | Found a faded altar of an unknown god.
   694 | D:1      | Reached XP level 3. HP: 29/29 MP: 3/3
  1062 | D:2      | Noticed Robin
  1096 | D:2      | Killed Robin
  1097 | D:2      | Reached XP level 4. HP: 21/36 MP: 4/4
  1874 | D:2      | Reached XP level 5. HP: 42/42 MP: 5/5
  2224 | D:3      | Noticed Ijyb
  2237 | D:3      | Killed from afar by Ijyb

Illustrated notes

Levels and vault maps discovered:
D:1:      roderic_crop_circles_arrival_small, layout_basic,
          hellmonk_ecumenical_altar_arch_garden
D:2:      layout_basic, minmay_increasing_density, uniq_robin
D:3:      minmay_angry_zag, layout_loops_ring,
          nicolae_overflow_ecumenical_swirl, columned_hall_lemuel,
          minmay_fractal_squares_5, uniq_ijyb

Skill      XL: |  1  2  3  4 |
---------------+-------------+-----
Armour         | 4 |  4.4
Axes           | 3 |  3.4
Fighting       | |  3.7
Dodging        | |  0.1
Stealth        | |  0.1
Shields        | |  4.3

Action                   |  1- 3 |  4- 6 || total
-------------------------+-------+-------++-------
Melee: War axe           |    81 |    56 ||   137
  Use: Scroll            |     5 |     4 ||     9
       Potion            |       |     1 ||     1
Armor: Scale mail        |    46 |    30 ||    76
Dodge: Dodged            |    47 |    27 ||    74
Block: Buckler           |    25 |    10 ||    35

Table legend: (Time is in decaauts)
 A = Elapsed time spent in this place.
 B = Non-inter-level travel time spent in this place.
 C = Inter-level travel time spent in this place.
 D = Time resting spent in this place.
 E = Time spent auto-exploring this place.
 F = Levels seen in this place.
 G = Mean time per level.
                   A        B        C        D        E       F      G
               +--------+--------+--------+--------+--------+-----+--------+
         Total |   2291 |   2226 |     65 |    185 |   1644 |   3 |  763.7 |
       Dungeon |   2291 |   2226 |     65 |    185 |   1644 |   3 |  763.7 |
               +--------+--------+--------+--------+--------+-----+--------+

Top non-repeatable levels by time:
     D:2: 1120 daAuts
     D:1: 1085 daAuts
     D:3: 85 daAuts
